Map: Ruby Rock LE

Players

Kimchi - Winner!

  • Race: Terran Terran
  • League: Diamond
  • Spawn Location: 11:00

A.I. 1 (Hard)

  • Race: Protoss Protoss
  • Spawn Location: 5:00

VOD

Have the link to the VOD?

Description

Time

  • Played on: April 24, 2026, 11:36 p.m.
  • Length: 6:41
Show
View Real Time Build Order
Export as new Build Order

Kimchi Terran - Winner!

Build Orders:  

Get SALT Encoding   

  12  0:00  SCV  
  13  0:12  SCV  
  14  0:17  Supply Depot  
  14  0:24  SCV  
  15  0:39  SCV  
  15  0:40  Barracks  
  16  0:44  Refinery  
  16  0:51  SCV  
  17  1:03  SCV  
  18  1:15  SCV  
  19  1:27  Orbital Command  
  19  1:29  Barracks Tech Lab  
  19  1:42  Command Center  
  19  1:50  Marauder, Concussive Shells  
  22  1:54  SCV  
  22  2:01  Supply Depot  
  22  2:06  SCV  
  23  2:23  SCV, Marauder  
  23  2:27  Barracks  
  26  2:33  Barracks  
  26  2:35  SCV  
  27  2:41  Stimpack  
  27  2:46  Marine  
  27  2:47  SCV  
  29  2:55  Orbital Command  
  29  2:59  SCV  
  29  3:04  Marine  
  31  3:06  Refinery  
  31  3:11  SCV  
  32  3:15  Supply Depot  
  32  3:16  Barracks Reactor  
  32  3:22  Marine, SCV  
  34  3:28  Barracks Tech Lab  
  34  3:29  SCV  
  35  3:34  SCV  
  35  3:38  Supply Depot  
  35  3:40  Marine  
  37  3:47  Combat Shield  
  37  3:48  Engineering Bay  
  37  3:49  SCV  
  37  3:51  SCV  
  37  3:54  Refinery  
  37  3:55  Marine x3  
  42  3:57  Marine  
  42  4:01  Supply Depot, SCV  
  44  4:03  SCV  
  44  4:09  Factory  
  45  4:14  SCV  
  45  4:15  Marine x2, SCV  
  49  4:19  Terran Infantry Weapons Level 1  
  49  4:20  Marine  
  49  4:21  Marine  
  51  4:26  SCV  
  51  4:27  SCV  
  53  4:33  Marine  
  53  4:36  Marine  
  53  4:38  SCV  
  56  4:39  SCV  
  56  4:40  Supply Depot  
  57  4:50  SCV, Marine x2  
  57  4:51  SCV  
  57  4:52  Marine  
  62  4:54  Starport  
  62  4:56  Factory Reactor  
  62  5:03  SCV, Supply Depot  
  62  5:04  SCV  
  64  5:12  Marine x4  
  68  5:15  SCV  
  69  5:28  Supply Depot x2  
  69  5:30  Marine x4  
  69  5:35  Command Center  
  73  5:37  SCV  
  73  5:39  Medivac x2  
  78  5:47  Marine  
  78  5:48  Marine x3  
  77  6:05  Marine x3  
  77  6:06  Marine  
  79  6:23  Marine x4  
Show
View Real Time Build Order
Export as new Build Order

A.I. 1 (Hard) Protoss 

Build Orders:  

Get SALT Encoding   

  12  0:00  Probe  
  13  0:13  Probe  
  14  0:20  Pylon  
  14  0:25  Probe  
  15  0:34  Probe  
  15  0:42  Probe  
  16  0:48  Assimilator  
  17  0:50  Gateway  
  17  0:52  Probe  
  18  1:00  Probe  
  18  1:01  Pylon  
  19  1:19  Probe  
  20  1:38  Zealot  
  22  1:40  Gateway  
  22  1:43  Cybernetics Core  
  22  1:45  Assimilator  
  22  1:59  Pylon  
  22  2:08  Zealot  
  22  2:21  Warp Gate  
  24  2:30  Adept  
  26  2:38  Pylon  
  26  2:43  Adept  
  28  2:54  Adept  
  30  3:11  Probe  
  31  3:13  Adept  
  31  3:17  Stalker, Pylon  
  33  3:23  Probe  
  36  3:35  Probe  
  37  3:41  Forge  
  37  3:43  Adept  
  37  3:47  Probe, Stalker  
  42  3:59  Probe  
  43  4:08  Probe  
  44  4:20  Adept  
  46  4:33  Adept  
  48  5:58  Zealot  
  48  6:04  Stalker  
  34  6:08  Pylon  
  28  6:12  Zealot  
  28  6:16  Gateway  
  24  6:18  Probe  
  15  6:26  Adept, Nexus  
  15  6:30  Stalker  
  11  6:39  Adept  
Tags
 
League
Diamond
Matchup
PvT
Spawn Locations
Cross Positions
Add a new tag
Caveats
  • Supply blocks, unpowered buildings, or Contaminate may cause inaccurate times.
  • Supply counts are checked every 10 seconds.